 Dungeon Crawl Stone Soup version 0.31-a0-354-g827e0957a7 (webtiles) character file.

Game seed: 6367796946422061316

1346 arthad the Trooper (level 8, -7/67 HPs)
             Began as a Formicid Fighter on July 23, 2023.
             Splashed by a jelly's acid (10 damage)
             ... on level 6 of the Dungeon.
             The game lasted 00:06:44 (4393 turns).

arthad the Trooper (Formicid Fighter)               Turns: 4393, Time: 00:06:45

Health: -7/67      AC: -7    Str: 22    XL:     8   Next: 94%
Magic:  8/8        EV:  9    Int: 12    God:
Gold:   379        SH:  7    Dex: 23    Spells: 7/7 levels left

rFire   . . .        a - +0 war axe
rCold   . . .        c - +0 buckler
rNeg    . . .        D - +0 scale mail of Ukkiyrgh {rPois Int+3 Dex+4}
rPois   +            (helmet unavailable)
rElec   .            (no cloak)
rCorr   .            (no gloves)
SInv    +            (no boots)
Will    .....        (no amulet)
Stlth   +            g - +4 ring of protection
HPRegen 0.31/turn    j - +6 ring of dexterity
MPRegen 0.11/turn

%: no passive effects
@: corroded
A: permanent stasis, dig shafts and tunnels, antennae 3, four strong arms,
deformed body
a: Dig, Shaft Self


You were on level 6 of the Dungeon.
You visited 1 branch of the dungeon, and saw 6 of its levels.

You collected 379 gold pieces.

Inventory:

Hand Weapons
 a - a +0 war axe (weapon)
Missiles
 d - 2 throwing nets
 u - a poisoned dart (quivered)
Armour
 b - a +0 scale mail
 c - a +0 buckler (worn)
 z - the +2 robe of the Endless Expanse {Str+2 Dex+6}
   (You found it on level 4 of the Dungeon)

   Str:       It affects your strength (+2).
   Dex:       It affects your dexterity (+6).
 D - the +0 scale mail of Ukkiyrgh (worn) {rPois Int+3 Dex+4}
   (You found it on level 5 of the Dungeon)

   Int:       It affects your intelligence (+3).
   Dex:       It affects your dexterity (+4).
   rPois:     It protects you from poison.
Magical Staves
 s - a staff of conjuration
Jewellery
 g - a +4 ring of protection (left hand)
 j - a +6 ring of dexterity (right hand)
 w - a ring of resist corrosion
Talismans
 i - a blade talisman
 A - a beast talisman
Wands
 C - a wand of mindburst (8)
Scrolls
 e - 2 scrolls of teleportation {unknown}
 h - 6 scrolls of identify {unknown}
 k - 2 scrolls of noise {unknown}
 l - 3 scrolls of poison {unknown}
 n - a scroll of silence {unknown}
 o - 2 scrolls of vulnerability {unknown}
 r - a scroll of enchant weapon {unknown}
 t - a scroll of immolation {unknown}
 v - a scroll of enchant armour {unknown}
 x - a scroll of brand weapon {unknown}
 y - a scroll of fear {unknown}
 E - 2 scrolls of blinking {unknown}
Potions
 f - a potion of mutation
 m - a potion of brilliance {unknown}
 p - a potion of berserk rage
 q - a potion of might
 B - 2 potions of haste {unknown}


   Skills:
 * Level 7.0 Fighting
 * Level 5.9 Axes
 + Level 2.7 Throwing
 + Level 5.4 Armour
 + Level 6.4 Shields


You had 7 spell levels left.
You didn't know any spells.
Your spell library contained the following spells:

 Spells                   Type           Power      Damage    Failure   Level
 Slow                     Hex            0%         N/A       67%         1
 Confusing Touch          Hex            0%         N/A       96%         3
 Vampiric Draining        Necr           0%         2d6       96%         3


Dungeon Overview and Level Annotations

Branches:
Dungeon (6/15)
 Temple: D:4-7

Altars:
Gozag
The Shining One

Shops:
D:2 *

Annotations:
D:6 Prince Ribbit


Innate Abilities, Weirdness & Mutations

You cannot be hasted, slowed, berserked, paralysed or teleported.
You can dig through walls and to a lower floor.
You have a pair of large antennae on your head. (SInv)
Your four strong arms can wield two-handed weapons with a shield.
Armour fits poorly on your strangely shaped body.


Message History

You slash Prince Ribbit!
Prince Ribbit is almost dead.
You hit the orc wizard but do no damage.
You slash the white imp!
You kill the white imp!
Prince Ribbit closely misses you.
The orc wizard hits you with a +0 dagger.
Prince Ribbit hits you!
You barely miss Prince Ribbit.
Prince Ribbit is almost dead.
You hit the orc wizard. The orc wizard barely misses you.
You block Prince Ribbit's attack.
The orc wizard gestures at you while chanting.
You easily resist.
You block Prince Ribbit's attack.
You barely miss Prince Ribbit.
Prince Ribbit is almost dead.
You slash the jelly! The acid corrodes you!
Your hands burn!
You closely miss the orc wizard.
Prince Ribbit blinks!
The orc wizard hits you with a +0 dagger.
The jelly hits you. The acid corrodes you!
You are splashed with acid!
You are too injured to fight recklessly!
You are too injured to fight recklessly!
You are too injured to fight recklessly!
You hit the jelly.
Your hands burn!
The jelly is almost dead.
You miss the orc wizard.
The orc wizard points at you and mumbles some strange words.
The puff of flame hits you! The jelly barely misses you.
Prince Ribbit closely misses you.
You hit the jelly. The acid corrodes you!
Your hands burn!
The jelly is almost dead.
You hit the orc wizard but do no damage.
You hit Prince Ribbit but do no damage.
Prince Ribbit lets out a mournful croak.
Prince Ribbit hits you!
* * * LOW HITPOINT WARNING * * *
The jelly hits you.
* * * LOW HITPOINT WARNING * * *
The acid corrodes you!
You are splashed with acid!
You die...

#..# ....
##############..# ....
#..........##...# .....
#..........##.#<###...
#...........#.#.#... # .
#...............#.##.#..
#..........##.#.........
#######...###.#>F.[.....
###..##.#)@.##(##.
##.##.#o)J......
###.##.#.....#>##
#......#.....#
#......#....(..
#......#....####
########.#..# #. ..#


You could see Prince Ribbit (poisoned), a jelly and an orc wizard (invisible).

Vanquished Creatures
  A water moccasin (D:4)
  An ice beast (D:4)
  2 black bears (D:5)
  3 ogres
  Blork the orc (D:5)
  3 scorpions (D:4)
  2 hounds (D:4)
  A jelly (D:4)
  2 orc priests (D:5)
  A sleepcap (D:4)
  An iguana (D:5)
  3 orc wizards
  7 adders
  4 gnolls (D:4)
  A white imp (D:6)
  An ufetubus (D:4)
  5 worms
  2 dart slugs
  11 orcs
  2 endoplasms
  A giant cockroach (D:3)
  8 hobgoblins
  2 quokkas
  6 ball pythons
  6 bats
  3 frilled lizards
  6 goblins
  6 kobolds
  6 rats
98 creatures vanquished.

Notes
Turn   | Place    | Note
-------+----------+-------------------------------------------
     0 | D:1      | arthad the Formicid Fighter began the quest for the Orb.
     0 | D:1      | Reached XP level 1. HP: 18/18 MP: 1/1
   291 | D:1      | Reached XP level 2. HP: 4/24 MP: 2/2
   988 | D:2      | Reached XP level 3. HP: 30/30 MP: 3/3
  1122 | D:2      | Found Zewosch's General Store.
  1205 | D:2      | Reached skill level 4 in Fighting
  1441 | D:3      | Reached XP level 4. HP: 37/37 MP: 4/4
  1938 | D:4      | Reached XP level 5. HP: 21/43 MP: 5/5
  2096 | D:4      | Noticed a water moccasin
  2106 | D:4      | Gained mutation: Armour fits poorly on your strangely
                  | shaped body. [potion of mutation]
  2112 | D:4      | Killed a water moccasin
  2113 | D:4      | Reached XP level 6. HP: 10/50 MP: 6/6
  2285 | D:4      | Noticed an ogre
  2289 | D:4      | Killed an ogre
  2290 | D:4      | Reached skill level 5 in Fighting
  2290 | D:4      | Reached skill level 5 in Shields
  2431 | D:4      | Found a glowing golden altar of the Shining One.
  2481 | D:4      | Reached XP level 7. HP: 38/56 MP: 7/7
  2661 | D:4      | Identified the +2 robe of the Endless Expanse {Str+2 Dex+6}
  2677 | D:4      | Reached skill level 1 in Throwing
  3054 | D:4      | Reached skill level 6 in Fighting
  3059 | D:4      | Reached skill level 5 in Axes
  3059 | D:4      | Reached XP level 8. HP: 60/64 MP: 8/8
  3416 | D:5      | Entered Level 5 of the Dungeon
  3489 | D:5      | Reached skill level 5 in Armour
  3535 | D:5      | Noticed Blork the orc
  3545 | D:5      | Killed Blork the orc
  3731 | D:5      | Found an opulent altar of Gozag.
  4015 | D:5      | Identified the +0 scale mail of Ukkiyrgh {rPois Int+3
                  | Dex+4}
  4036 | D:5      | Reached skill level 7 in Fighting
  4369 | D:6      | Noticed Prince Ribbit
  4393 | D:6      | HP: 3/67 [jelly (1)]
  4393 | D:6      | Splashed by a jelly's acid

Illustrated notes

Levels and vault maps discovered:
D:1:      dpeg_arrival_arbitrary_b, layout_loops_corners, reono_crystal_passage,
          kennysheep_pointless_box
D:2:      layout_rooms, serial_shops, nicolae_shop_trees
D:3:      layout_basic
D:4:      minmay_razor_zed, layout_loops_cross, overflow_temple_1_default
D:5:      layout_cave_pools, nicolae_gozag_seed_capital, uniq_blork_the_orc
D:6:      layout_rooms, minmay_temple_entry_statues_pillars, uniq_prince_ribbit1

Skill      XL: |  1  2  3  4  5  6  7  8 |
---------------+-------------------------+-----
Fighting       | 4 5 6 7 |  7.0
Axes           | 3 4 5 |  5.9
Armour         | 4 5 |  5.4
Shields        | 5 6 |  6.4
Throwing       | 1 2 |  2.7

Action                     |  1- 3 |  4- 6 |  7- 9 || total
---------------------------+-------+-------+-------++-------
  Melee: War axe           |    86 |    45 |   137 ||   268
  Throw: Dart              |       |     5 |    20 ||    25
    Use: Potion            |       |     4 |     2 ||     6
 Armour: Scale mail        |    58 |    29 |    64 ||   151
  Dodge: Dodged            |    41 |    21 |    72 ||   134
  Block: Buckler           |    19 |    10 |    38 ||    67

Table legend: (Time is in decaauts)
 A = Elapsed time spent in this place.
 B = Non-inter-level travel time spent in this place.
 C = Inter-level travel time spent in this place.
 D = Time resting spent in this place.
 E = Time spent auto-exploring this place.
 F = Levels seen in this place.
 G = Mean time per level.
                   A        B        C        D        E       F      G
               +--------+--------+--------+--------+--------+-----+--------+
         Total |   4480 |   4388 |     92 |    161 |   3483 |   6 |  746.7 |
       Dungeon |   4480 |   4388 |     92 |    161 |   3483 |   6 |  746.7 |
               +--------+--------+--------+--------+--------+-----+--------+

Top non-repeatable levels by time:
     D:4: 1569 daAuts
     D:1: 994 daAuts
     D:5: 886 daAuts
     D:3: 632 daAuts
     D:2: 344 daAuts
     D:6: 53 daAuts
